 Dungeon Crawl Stone Soup version 0.21-a0-349-g0c35859 (webtiles) character file.

366 tidbits the Charmwright (level 6, 9/51 HPs)
             Began as a Gnoll Skald on Oct 8, 2017.
             Quit the game on level 5 of the Dungeon.
             The game lasted 00:05:48 (634 turns).

tidbits the Charmwright (Gnoll Skald)                Turns: 634, Time: 00:05:49

Health: 9/51       AC:  3    Str: 13    XL:     6   Next: 68%
Magic:  12/14      EV: 14    Int: 18    God:
Gold:   93         SH:  0    Dex: 14    Spells: 2/15 levels left

rFire    . . .     SeeInvis .   o - +0 long sword (curse)
rCold    . . .     Gourm    .   (no shield)
rNeg     . . .     Faith    .   b - +0 leather armour
rPois    .         Spirit   .   (no helmet)
rElec    .         Reflect  .   (no cloak)
rCorr    .         Harm     .   (no gloves)
MR       .....                  (no boots)
Stlth    +++.......             (no amulet)
HPRegen  0.17/turn              e - ring of stealth
MPRegen  0.14/turn              (no ring)

@: lethally poisoned (9 -> -4)
A: distributed training, fangs 1, strong nose
a: no special abilities


You were on level 5 of the Dungeon.
You were not hungry.

You visited 1 branch of the dungeon, and saw 5 of its levels.

You collected 93 gold pieces.

Inventory:

Hand Weapons
 a - a +0 hand axe
 j - a +1 dagger of venom
   (You took it off a goblin on level 3 of the Dungeon)
 n - a +0 spear
 o - a cursed +0 long sword (weapon)
Missiles
 i - 3 tomahawks (quivered)
Armour
 b - a +0 leather armour (worn)
Jewellery
 e - a ring of stealth (left hand)
   (You found it on level 1 of the Dungeon)
Wands
 h - a wand of lightning (0/15)
Scrolls
 m - a scroll of enchant armour {unknown}
 r - a scroll of recharging {unknown}
 u - a scroll of remove curse {unknown}
Potions
 k - a potion of flight {unknown}
 p - a potion of curing {unknown}
 q - a potion of lignification {unknown}
 t - 2 potions of heal wounds
Books
 c - a book of Battle

   Spells                             Type                      Level
   a - Infusion                       Charms                       1
   b - Shroud of Golubria             Charms/Translocation         2
   c - Song of Slaying                Charms                       2
   d - Spectral Weapon                Hexes/Charms                 3
   e - Regeneration                   Charms/Necromancy            3
 s - a book of Cantrips
   (You found it on level 4 of the Dungeon)

   Spells                             Type                      Level
   a - Confusing Touch                Hexes                        1
   b - Animate Skeleton               Necromancy                   1
   c - Summon Small Mammal            Summoning                    1
   d - Apportation                    Translocation                1
Comestibles
 d - 4 bread rations
 f - 3 royal jellies
 g - a meat ration


   Skills:
 + Level 5.0 Fighting
 + Level 2.0 Short Blades
 + Level 2.0 Long Blades
 + Level 5.0 Axes
 + Level 2.0 Maces & Flails
 + Level 2.0 Polearms
 + Level 2.0 Staves
 + Level 2.0 Slings
 + Level 2.0 Bows
 + Level 2.0 Crossbows
 + Level 2.0 Throwing
 + Level 3.3 Armour
 + Level 5.0 Dodging
 + Level 2.0 Stealth
 + Level 2.0 Shields
 + Level 2.0 Unarmed Combat
 + Level 5.4 Spellcasting
 + Level 2.0 Conjurations
 + Level 2.0 Hexes
 + Level 6.8 Charms
 + Level 2.0 Summonings
 + Level 2.0 Necromancy
 + Level 2.0 Translocations
 + Level 2.0 Transmutations
 + Level 2.0 Fire Magic
 + Level 2.0 Ice Magic
 + Level 2.0 Air Magic
 + Level 2.0 Earth Magic
 + Level 2.0 Poison Magic
 + Level 2.0 Invocations
 + Level 2.0 Evocations


You had 2 spell levels left.
You knew the following spells:

 Your Spells              Type           Power        Failure   Level  Hunger
a - Apportation           Tloc           ##....       7%          1    None
g - Shroud of Golubria    Chrm/Tloc      ###.......   3%          2    #......
i - Infusion              Chrm           ####         1%          1    None
n - Animate Skeleton      Necr           N/A          7%          1    None
r - Regeneration          Chrm/Necr      ###.......   8%          3    ##.....
w - Spectral Weapon       Hex/Chrm       ###.....     8%          3    ##.....
y - Song of Slaying       Chrm           ####....     1%          2    #......


Dungeon Overview and Level Annotations

Branches:
Dungeon (5/15)
 Temple: D:4-7

Altars:
Fedhas
Sif Muna
Trog


Innate Abilities, Weirdness & Mutations

Your experience applies equally to all skills.
You have very sharp teeth.
Your uncanny sense of smell can sniff out nearby items.


Message History

The scorpion closely misses you.
You hit the scorpion but do no damage.
Your spectral weapon hits the scorpion.
The scorpion stings you. The scorpion barely misses you.
You barely miss the scorpion.
The scorpion is lightly wounded.
Your spectral weapon barely misses the scorpion.
The scorpion closely misses you.
You hit the scorpion. Your bite misses the scorpion.
The scorpion is moderately wounded.
Your spectral weapon barely misses the scorpion.
The scorpion misses you.
You riposte.
You hit the scorpion but do no damage.
The scorpion is moderately wounded.
You slash the scorpion!
The scorpion is severely wounded.
Your spectral weapon barely misses the scorpion.
The scorpion stings you.
You are poisoned.
The scorpion poisons you!
You hit the scorpion but do no damage.
The scorpion is severely wounded.
You feel sick.
Your spectral weapon hits the scorpion!
You kill the scorpion!
Your Fighting skill increases to level 5!
Your Axes skill increases to level 5!
Your Dodging skill increases to level 5!
You feel sick.
You feel sick.
A quokka zombie comes into view.
Found a bread ration.
You feel sick.
You feel sick.
You see here a royal jelly.
You barely miss the quokka zombie.
You feel sick.
Your spectral weapon hits the quokka zombie!
You destroy the quokka zombie!
f - 3 royal jellies (gained 1)
You feel sick.
You feel sick.
You feel sick.
Your spectral weapon fades away.
d - 4 bread rations (gained 1)
There are no items here.
You feel sick.
A scorpion and a crimson imp come into view.
You feel sick.
Casting: Spectral Weapon
Confirm with . or Enter, or press ? or * to list all spells.
You draw out your weapon's spirit!
You feel sick.
The crimson imp shouts!
You barely miss the scorpion.
Your spectral weapon hits the scorpion!
The scorpion stings you.
* * * LOW HITPOINT WARNING * * *
You are more poisoned.
The scorpion poisons you!
The crimson imp blinks!
You hit the scorpion but do no damage.
You bite the scorpion, but do no damage.
The scorpion is heavily wounded.
You feel sick.
Your spectral weapon hits the scorpion.
The scorpion stings you.
* * * LOW HITPOINT WARNING * * *
You are lethally poisoned!
The scorpion poisons you! The crimson imp spits at you.
The crimson imp blinks!
The scorpion misses you.
You closely miss the scorpion.
The scorpion is severely wounded.
* * * LOW HITPOINT WARNING * * *
You feel sick.
Your spectral weapon hits the scorpion.
The scorpion stings your spectral weapon.
Your spectral weapon shares its damage with you!
* * * LOW HITPOINT WARNING * * *
You catch the helpless scorpion completely off-guard!
You slash the scorpion!
You kill the scorpion!
Your Short Blades skill increases to level 2!
Your Long Blades skill increases to level 2!
Your Maces & Flails skill increases to level 2!
Your Polearms skill increases to level 2!
Your Staves skill increases to level 2!
Your Slings skill increases to level 2!
Your Bows skill increases to level 2!
Your Crossbows skill increases to level 2!
Your Throwing skill increases to level 2!
Your Stealth skill increases to level 2!
Your Shields skill increases to level 2!
Your Unarmed Combat skill increases to level 2!
Your Conjurations skill increases to level 2!
Your Hexes skill increases to level 2!
Your Summonings skill increases to level 2!
Your Necromancy skill increases to level 2!
Your Translocations skill increases to level 2!
Your Transmutations skill increases to level 2!
Your Fire Magic skill increases to level 2!
Your Ice Magic skill increases to level 2!
Your Air Magic skill increases to level 2!
Your Earth Magic skill increases to level 2!
Your Poison Magic skill increases to level 2!
Your Invocations skill increases to level 2!
Your Evocations skill increases to level 2!
* * * LOW HITPOINT WARNING * * *
You feel sick.
Are you sure you want to abandon this character and quit the game? (Confirm with "yes".)

≈≈≈≈≈##..........#
....
⌠#⌠####..........+
.. ....
######...........#
. .....
...............# .
....
#.###..###..### .#
######..###..####.#
#.................#
+.........5...(...#
#.............@...#
##..######....#...#
#.. #..####### ...
#.....# #...
#.....# #..
.......# .......###
#####..# ....


You could see a crimson imp and a friendly spectral long sword.

Vanquished Creatures
  A phantom (D:5)
  2 scorpions (D:5)
  A bullfrog zombie (D:5)
  An orc wizard (D:3)
  4 gnolls (D:3)
  2 adders
  2 oozes (D:3)
  A dart slug (D:4)
  A worm (D:3)
  9 orcs
  3 giant cockroaches
  3 goblins
  A hobgoblin (D:3)
  2 kobolds (D:3)
  A bat (D:1)
  A leopard gecko skeleton (D:4)
  A quokka zombie (D:5)
  A rat (D:3)
37 creatures vanquished.

Notes
Turn   | Place    | Note
-------+----------+-------------------------------------------
     0 | D:1      | tidbits the Gnoll Skald began the quest for the Orb.
     0 | D:1      | Reached XP level 1. HP: 20/20 MP: 6/6
   127 | D:3      | Reached XP level 2. HP: 25/26 MP: 0/7
   131 | D:3      | Learned a level 2 spell: Song of Slaying
   134 | D:3      | Learned a level 2 spell: Shroud of Golubria
   156 | D:3      | Reached skill level 5 in Spellcasting
   156 | D:3      | Reached XP level 3. HP: 22/31 MP: 0/9
   179 | D:3      | Found a deep blue altar of Sif Muna.
   201 | D:3      | Reached skill level 1 in Short Blades
   201 | D:3      | Reached skill level 1 in Long Blades
   201 | D:3      | Reached skill level 1 in Maces & Flails
   201 | D:3      | Reached skill level 1 in Polearms
   201 | D:3      | Reached skill level 1 in Staves
   201 | D:3      | Reached skill level 1 in Slings
   201 | D:3      | Reached skill level 1 in Bows
   201 | D:3      | Reached skill level 1 in Crossbows
   201 | D:3      | Reached skill level 1 in Throwing
   201 | D:3      | Reached skill level 1 in Stealth
   201 | D:3      | Reached skill level 1 in Shields
   201 | D:3      | Reached skill level 1 in Unarmed Combat
   201 | D:3      | Reached skill level 1 in Conjurations
   201 | D:3      | Reached skill level 1 in Hexes
   201 | D:3      | Reached skill level 1 in Summonings
   201 | D:3      | Reached skill level 1 in Necromancy
   201 | D:3      | Reached skill level 1 in Translocations
   201 | D:3      | Reached skill level 1 in Transmutations
   201 | D:3      | Reached skill level 1 in Fire Magic
   201 | D:3      | Reached skill level 1 in Ice Magic
   201 | D:3      | Reached skill level 1 in Air Magic
   201 | D:3      | Reached skill level 1 in Earth Magic
   201 | D:3      | Reached skill level 1 in Poison Magic
   201 | D:3      | Reached skill level 1 in Invocations
   201 | D:3      | Reached skill level 1 in Evocations
   201 | D:3      | Reached XP level 4. HP: 24/38 MP: 3/11
   222 | D:3      | Learned a level 3 spell: Regeneration
   226 | D:3      | Learned a level 3 spell: Spectral Weapon
   269 | D:3      | Found a blossoming altar of Fedhas.
   366 | D:3      | Reached XP level 5. HP: 21/43 MP: 5/12
   466 | D:4      | Learned a level 1 spell: Apportation
   468 | D:4      | Learned a level 1 spell: Animate Skeleton
   475 | D:5      | Entered Level 5 of the Dungeon
   488 | D:5      | Found a bloodstained altar of Trog.
   488 | D:5      | Noticed a phantom
   511 | D:5      | Killed a phantom
   511 | D:5      | Reached skill level 3 in Armour
   511 | D:5      | Reached XP level 6. HP: 24/50 MP: 8/13
   606 | D:5      | Reached skill level 5 in Fighting
   606 | D:5      | Reached skill level 5 in Axes
   606 | D:5      | Reached skill level 5 in Dodging
   633 | D:5      | Reached skill level 2 in Short Blades
   633 | D:5      | Reached skill level 2 in Long Blades
   633 | D:5      | Reached skill level 2 in Maces & Flails
   633 | D:5      | Reached skill level 2 in Polearms
   633 | D:5      | Reached skill level 2 in Staves
   633 | D:5      | Reached skill level 2 in Slings
   633 | D:5      | Reached skill level 2 in Bows
   633 | D:5      | Reached skill level 2 in Crossbows
   633 | D:5      | Reached skill level 2 in Throwing
   633 | D:5      | Reached skill level 2 in Stealth
   633 | D:5      | Reached skill level 2 in Shields
   633 | D:5      | Reached skill level 2 in Unarmed Combat
   633 | D:5      | Reached skill level 2 in Conjurations
   633 | D:5      | Reached skill level 2 in Hexes
   633 | D:5      | Reached skill level 2 in Summonings
   633 | D:5      | Reached skill level 2 in Necromancy
   633 | D:5      | Reached skill level 2 in Translocations
   633 | D:5      | Reached skill level 2 in Transmutations
   633 | D:5      | Reached skill level 2 in Fire Magic
   633 | D:5      | Reached skill level 2 in Ice Magic
   633 | D:5      | Reached skill level 2 in Air Magic
   633 | D:5      | Reached skill level 2 in Earth Magic
   633 | D:5      | Reached skill level 2 in Poison Magic
   633 | D:5      | Reached skill level 2 in Invocations
   633 | D:5      | Reached skill level 2 in Evocations
   634 | D:5      | Quit the game

Vault maps used:
D:1:      ncdulo_watergridlock, serial_glass, glass_columns_b, glass_columns_c,
          glass_columns_a, glass_columns_a, glass_columns_b, glass_columns_a,
          glass_columns_b, glass_columns_c, glass_columns_b, glass_columns_a
D:2:      gammafunk_temple_overflow_pools, minmay_shallow_snake_nest
D:3:      old_standard_altar, fedhas_altar_3, overflow_temple_1_default,
          lemuel_doored_altar, first_bread, grunt_ministairs_1,
          minmay_misc_feat_roman
D:5:      eat_drink_and_be_merry_uskayaw, lightli_temple_of_fire

Skill      XL: |  1  2  3  4  5  6 |
---------------+-------------------+-----
Spellcasting   | 5 |  5.4
Short Blades   | 1 2 |  2.0
Long Blades    | 1 2 |  2.0
Maces & Flails | 1 2 |  2.0
Polearms       | 1 2 |  2.0
Staves         | 1 2 |  2.0
Slings         | 1 2 |  2.0
Bows           | 1 2 |  2.0
Crossbows      | 1 2 |  2.0
Throwing       | 1 2 |  2.0
Stealth        | 1 2 |  2.0
Shields        | 1 2 |  2.0
Unarmed Combat | 1 2 |  2.0
Conjurations   | 1 2 |  2.0
Hexes          | 1 2 |  2.0
Summonings     | 1 2 |  2.0
Necromancy     | 1 2 |  2.0
Translocations | 1 2 |  2.0
Transmutations | 1 2 |  2.0
Fire Magic     | 1 2 |  2.0
Ice Magic      | 1 2 |  2.0
Air Magic      | 1 2 |  2.0
Earth Magic    | 1 2 |  2.0
Poison Magic   | 1 2 |  2.0
Invocations    | 1 2 |  2.0
Evocations     | 1 2 |  2.0
Armour         | 3 |  3.3
Fighting       | 5 |  5.0
Axes           | 5 |  5.0
Dodging        | 5 |  5.0
Charms         | |  6.8

Action                   |  1- 3 |  4- 6 || total
-------------------------+-------+-------++-------
Melee: Hand axe          |    36 |     8 ||    44
       Bite              |     4 |     6 ||    10
       Punch             |     1 |       ||     1
       Long sword        |       |    46 ||    46
 Cast: Infusion          |     3 |     3 ||     6
       Spectral Weapon   |       |     7 ||     7
       Regeneration      |       |     1 ||     1
Evoke: Wand              |     1 |     5 ||     6
  Use: Scroll            |     1 |     2 ||     3
 Stab: Sleeping          |       |     2 ||     2
       Distracted        |       |     2 ||     2
Armor: Leather armour    |     4 |     4 ||     8
Dodge: Dodged            |    24 |    37 ||    61
       Rpst.: Long sword |       |     8 ||     8

Table legend:
 A = Spawn XP
 B = Non-spawn XP
 C = Spawn XP percentage of total XP
 D = Spawn monster count
 E = Non-spawn monster count
 F = Spawn count percentage of total count
 G = Total turns spent on level
                    A         B        C        D         E        F      G
               +---------+---------+-------+---------+---------+-------+---------
         Total |       0 |     523 |   0.0 |       0 |      37 |   0.0 |   634
               +---------+---------+-------+---------+---------+-------+---------
           D:1 |       0 |       5 |   0.0 |       0 |       3 |   0.0 |    86
           D:3 |       0 |     155 |   0.0 |       0 |      24 |   0.0 |   265
           D:4 |       0 |      21 |   0.0 |       0 |       4 |   0.0 |    92
           D:5 |       0 |     342 |   0.0 |       0 |       6 |   0.0 |   159
               +---------+---------+-------+---------+---------+-------+---------

Table legend:
 A = Turns spent in this place as a percentage of turns spent in the entire game.
 B = Non-inter-level travel turns spent in this place as a percentage of non-inter-level travel turns spent in the entire game.
 C = Inter-level travel turns spent in this place as a percentage of turns spent in this place.
 D = Turns resting spent in this place as a percentage of non-inter-level travel turns spent in this place.
 E = Turns spent auto-exploring this place as a percentage of non-inter-level travel turns spent in this place.
 F = Non-inter-level travel turns spent in this place divided by the number of levels of this place that you've seen.
                   A       B       C       D       E      F
               +-------+-------+-------+-------+-------+----------------------
         Total | 100.0 | 100.0 |   3.3 |   0.0 |   0.0 | 122.6
       Dungeon | 100.0 | 100.0 |   3.3 |   0.0 |   0.0 | 122.6
               +-------+-------+-------+-------+-------+----------------------

Table legend:
 A = Kills in this place as a percentage of kills in entire the game.
 B = Kills by you in this place as a percentage of kills by you in the entire game.
 C = Kills by friends in this place as a percentage of kills by friends in the entire game.
 D = Other kills in this place as a percentage of other kills in the entire game.
 E = Experience gained in this place as a percentage of experience gained in the entire game.
 F = Experience gained in this place divided by the number of levels of this place that you have seen.
                   A       B       C       D       E      F
               +-------+-------+-------+-------+-------+----------------------
         Total | 100.0 | 100.0 |   N/A |   N/A | 100.0 | 104.6
       Dungeon | 100.0 | 100.0 |   N/A |   N/A | 100.0 | 104.6
               +-------+-------+-------+-------+-------+----------------------

Vault maps used:
D:1:      ncdulo_watergridlock, serial_glass, glass_columns_b, glass_columns_c,
          glass_columns_a, glass_columns_a, glass_columns_b, glass_columns_a,
          glass_columns_b, glass_columns_c, glass_columns_b, glass_columns_a
D:2:      gammafunk_temple_overflow_pools, minmay_shallow_snake_nest
D:3:      old_standard_altar, fedhas_altar_3, overflow_temple_1_default,
          lemuel_doored_altar, first_bread, grunt_ministairs_1,
          minmay_misc_feat_roman
D:5:      eat_drink_and_be_merry_uskayaw, lightli_temple_of_fire
